[ AOE2 MATCH · #507040844 ]
UnrankedByzantines vs Mongols
Player's team · WIN
Rival team · LOSS
[ REPLAY ANALYSIS · EXTRACTED FROM THE RECORDED GAME ]
Feudal
9:49
Castle
25:27
Imperial
40:50
| APM avg | 37.2 |
| APM peak | 74 |
| eAPM avg | 20.8 |
| Villagers / military | 111 / 150 |
Focus
⚔️ 37.4% · 🌾 62.6%
Archer ×113 · Monk ×12 · Skirmisher ×11 · Camel Scout ×7 · Trebuchet (Packed) ×3 · Mangonel ×2
Feudal
15:08
Castle
25:06
Imperial
36:24
| APM avg | 41.6 |
| APM peak | 68 |
| eAPM avg | 24.0 |
| Villagers / military | 168 / 189 |
Focus
⚔️ 33.7% · 🌾 66.3%
Mangudai ×95 · Scout Cavalry ×36 · Steppe Lancer ×21 · Archer ×10 · Militia ×10 · Skirmisher ×6
Match map
Initial resources + every placement click. Lines = walls · curves = elevation contours. ◆ gold · ⬟ stone · ● berries · ✦ relic · ◌ wall gap
Your base· Open — 7t gap
andreamancassola12's base· ✓ Closed at 25:06 · 30t walls · 2 gate(s)
Smoothed initial terrain · ◌ = detected wall gap · hover for details
Inputs per minute
— 墨離 - - andreamancassola12
Build order — 墨離
First 150 of 341 actions detected
| 0:00 | Queue | Villager (Male) |
| 0:01 | Queue | Villager (Male) |
| 0:01 | Queue | Villager (Male) |
| 0:02 | Build | House |
| 0:03 | Build | House |
| 0:11 | Queue | Villager (Male) |
| 1:22 | Research | Loom |
| 1:27 | Queue | Villager (Male) |
| 1:27 | Queue | Villager (Male) |
| 2:17 | Queue | Villager (Male) |
| 2:18 | Queue | Villager (Male) |
| 2:54 | Queue | Villager (Male) |
| 2:54 | Queue | Villager (Male) |
| 3:14 | Build | Mill |
| 3:16 | Queue | Villager (Male) |
| 4:00 | Build | Palisade Gate |
| 4:19 | Queue | Villager (Male) |
| 4:25 | Queue | Villager (Male) |
| 4:25 | Queue | Villager (Male) |
| 4:58 | Build | House |
| 5:05 | Queue | Villager (Male) |
| 5:44 | Queue | Villager (Male) |
| 5:44 | Queue | Villager (Male) |
| 6:09 | Queue | Villager (Male) |
| 6:54 | Build | Lumber Camp |
| 7:09 | Queue | Villager (Male) |
| 7:19 | Build | House |
| 7:36 | Research | Feudal Age |
| 8:55 | Queue | Villager (Male) |
| 8:59 | Build | Mill |
| 9:20 | Build | Barracks |
| 9:31 | Build | Palisade Wall |
| 9:33 | Build | Palisade Wall |
| 9:34 | Build | Palisade Wall |
| 9:49 | Age | Feudal Age |
| 9:51 | Queue | Villager (Male) |
| 9:53 | Build | Mill |
| 9:59 | Queue | Villager (Male) |
| 10:45 | Queue | Villager (Male) |
| 10:48 | Build | Mining Camp |
| 10:50 | Build | House |
| 10:51 | Build | House |
| 11:37 | Queue | Villager (Male) |
| 11:41 | Build | Archery Range |
| 11:54 | Research | Double-Bit Axe |
| 12:30 | Queue | Villager (Male) |
| 12:34 | Queue | Archer |
| 12:34 | Queue | Archer |
| 12:35 | Build | House |
| 12:56 | Build | Farm |
| 12:58 | Build | Farm |
| 13:04 | Build | Palisade Wall |
| 13:05 | Build | Palisade Wall |
| 13:12 | Queue | Archer |
| 13:23 | Queue | Villager (Male) |
| 13:26 | Build | Palisade Wall |
| 13:27 | Build | Palisade Wall |
| 13:32 | Build | Farm |
| 13:34 | Build | Farm |
| 13:36 | Build | Palisade Wall |
| 13:37 | Build | Palisade Wall |
| 13:38 | Build | Palisade Wall |
| 13:38 | Build | Palisade Wall |
| 13:48 | Build | Palisade Wall |
| 13:49 | Build | Palisade Wall |
| 13:50 | Build | Palisade Wall |
| 13:50 | Build | Palisade Wall |
| 13:52 | Build | Palisade Wall |
| 13:53 | Build | Palisade Wall |
| 13:54 | Build | Palisade Wall |
| 13:55 | Build | Palisade Wall |
| 14:06 | Queue | Archer |
| 14:10 | Queue | Villager (Male) |
| 14:12 | Build | Farm |
| 14:29 | Queue | Villager (Male) |
| 14:33 | Build | Farm |
| 14:58 | Build | Palisade Wall |
| 15:07 | Queue | Archer |
| 15:11 | Queue | Villager (Male) |
| 15:13 | Build | Farm |
| 15:18 | Queue | Villager (Male) |
| 15:20 | Build | Farm |
| 15:25 | Queue | Villager (Male) |
| 15:36 | Build | Outpost |
| 15:36 | Queue | Spearman |
| 15:39 | Queue | Archer |
| 15:40 | Queue | Villager (Male) |
| 16:11 | Build | House |
| 16:12 | Build | House |
| 16:25 | Build | Outpost |
| 16:31 | Queue | Villager (Male) |
| 16:36 | Queue | Villager (Male) |
| 16:45 | Queue | Villager (Male) |
| 16:51 | Build | Palisade Wall |
| 16:53 | Build | Palisade Wall |
| 17:03 | Build | House |
| 17:18 | Build | Palisade Gate |
| 17:59 | Queue | Villager (Male) |
| 18:00 | Queue | Villager (Male) |
| 18:04 | Queue | Villager (Male) |
| 18:21 | Queue | Archer |
| 18:39 | Queue | Skirmisher |
| 18:42 | Queue | Villager (Male) |
| 18:51 | Build | Blacksmith |
| 18:58 | Queue | Skirmisher |
| 19:07 | Build | Farm |
| 19:21 | Build | Farm |
| 19:24 | Build | Farm |
| 19:24 | Queue | Villager (Male) |
| 19:30 | Queue | Skirmisher |
| 19:37 | Research | Fletching |
| 19:54 | Queue | Skirmisher |
| 19:55 | Queue | Villager (Male) |
| 20:04 | Queue | Villager (Male) |
| 20:06 | Build | Farm |
| 20:11 | Build | Farm |
| 20:15 | Queue | Villager (Male) |
| 20:23 | Queue | Skirmisher |
| 20:32 | Build | House |
| 20:33 | Build | House |
| 21:01 | Build | Market |
| 21:12 | Queue | Skirmisher |
| 21:14 | Queue | Villager (Male) |
| 21:19 | Build | House |
| 21:29 | Build | Palisade Gate |
| 21:33 | Queue | Skirmisher |
| 21:53 | Research | Padded Archer Armor |
| 22:17 | Queue | Skirmisher |
| 22:33 | Queue | Archer |
| 22:34 | Queue | Villager (Male) |
| 22:45 | Research | Castle Age |
| 22:52 | Queue | Archer |
| 22:59 | Build | House |
| 23:05 | Build | Stable |
| 23:11 | Queue | Archer |
| 23:17 | Build | Lumber Camp |
| 23:27 | Build | Palisade Wall |
| 23:29 | Build | Palisade Wall |
| 23:35 | Build | Palisade Wall |
| 23:37 | Build | Palisade Wall |
| 23:39 | Queue | Archer |
| 23:50 | Research | Gold Mining |
| 24:01 | Build | Palisade Wall |
| 24:09 | Research | Horse Collar |
| 24:23 | Queue | Archer |
| 24:31 | Build | Palisade Wall |
| 24:40 | Build | Farm |
| 25:00 | Queue | Villager (Male) |
| 25:12 | Build | House |
| 25:27 | Age | Castle Age |
Build order — andreamancassola12
First 150 of 593 actions detected
| 0:00 | Queue | Villager (Male) |
| 0:00 | Queue | Villager (Male) |
| 0:01 | Queue | Villager (Male) |
| 0:02 | Build | House |
| 0:04 | Build | House |
| 0:09 | Queue | Villager (Male) |
| 0:09 | Queue | Villager (Male) |
| 0:22 | Queue | Villager (Male) |
| 0:23 | Research | Loom |
| 0:46 | Queue | Villager (Male) |
| 0:46 | Queue | Villager (Male) |
| 0:47 | Queue | Villager (Male) |
| 1:52 | Queue | Villager (Male) |
| 1:53 | Queue | Villager (Male) |
| 2:18 | Queue | Villager (Male) |
| 2:18 | Queue | Villager (Male) |
| 2:37 | Queue | Villager (Male) |
| 2:37 | Queue | Villager (Male) |
| 3:00 | Build | Lumber Camp |
| 3:17 | Queue | Villager (Male) |
| 3:17 | Queue | Villager (Male) |
| 3:24 | Build | Palisade Wall |
| 3:25 | Build | Palisade Wall |
| 3:28 | Build | Palisade Wall |
| 3:29 | Build | Palisade Wall |
| 3:29 | Build | Palisade Wall |
| 3:33 | Build | Palisade Wall |
| 3:51 | Queue | Villager (Male) |
| 3:51 | Queue | Villager (Male) |
| 4:00 | Build | House |
| 4:16 | Queue | Villager (Male) |
| 4:17 | Queue | Villager (Male) |
| 4:17 | Queue | Villager (Male) |
| 4:25 | Build | Palisade Wall |
| 4:26 | Build | Palisade Wall |
| 4:36 | Queue | Villager (Male) |
| 4:36 | Queue | Villager (Male) |
| 5:05 | Queue | Villager (Male) |
| 5:05 | Queue | Villager (Male) |
| 5:05 | Queue | Villager (Male) |
| 5:37 | Build | Mill |
| 5:45 | Queue | Villager (Male) |
| 5:45 | Queue | Villager (Male) |
| 6:50 | Build | House |
| 7:06 | Build | Barracks |
| 7:10 | Queue | Villager (Male) |
| 7:13 | Queue | Villager (Male) |
| 7:14 | Queue | Villager (Male) |
| 7:33 | Queue | Villager (Male) |
| 7:33 | Queue | Villager (Male) |
| 7:34 | Queue | Villager (Male) |
| 7:35 | Queue | Villager (Male) |
| 7:35 | Queue | Villager (Male) |
| 7:41 | Queue | Villager (Male) |
| 7:42 | Queue | Villager (Male) |
| 7:55 | Queue | Villager (Male) |
| 7:59 | Build | House |
| 8:06 | Build | Mining Camp |
| 8:19 | Queue | Militia |
| 8:20 | Queue | Militia |
| 8:20 | Queue | Militia |
| 8:43 | Build | Mill |
| 8:46 | Queue | Villager (Male) |
| 9:16 | Queue | Militia |
| 9:16 | Queue | Militia |
| 9:21 | Build | House |
| 9:29 | Queue | Villager (Male) |
| 9:29 | Queue | Villager (Male) |
| 9:30 | Queue | Villager (Male) |
| 9:33 | Build | House |
| 9:47 | Queue | Militia |
| 9:47 | Queue | Militia |
| 9:54 | Queue | Villager (Male) |
| 10:15 | Queue | Villager (Male) |
| 10:20 | Queue | Militia |
| 10:20 | Queue | Militia |
| 10:27 | Queue | Villager (Male) |
| 10:40 | Build | House |
| 10:41 | Build | House |
| 10:45 | Queue | Militia |
| 10:49 | Queue | Villager (Male) |
| 10:51 | Build | House |
| 10:54 | Build | House |
| 11:02 | Queue | Villager (Male) |
| 11:18 | Build | Palisade Gate |
| 11:46 | Queue | Villager (Male) |
| 11:49 | Build | House |
| 11:50 | Build | House |
| 12:29 | Queue | Villager (Male) |
| 12:29 | Queue | Villager (Male) |
| 12:35 | Build | House |
| 12:39 | Build | House |
| 12:58 | Research | Feudal Age |
| 12:59 | Research | Feudal Age |
| 13:01 | Build | House |
| 13:01 | Build | House |
| 13:44 | Build | House |
| 13:45 | Build | House |
| 13:55 | Build | Farm |
| 13:56 | Build | Farm |
| 13:56 | Build | Farm |
| 13:56 | Build | Farm |
| 13:56 | Build | Farm |
| 13:57 | Build | Farm |
| 14:15 | Queue | Villager (Male) |
| 14:28 | Build | Palisade Wall |
| 14:40 | Build | House |
| 15:08 | Age | Feudal Age |
| 15:11 | Research | Man-at-Arms (upgrade) |
| 15:15 | Build | Archery Range |
| 15:21 | Build | Blacksmith |
| 15:22 | Research | Double-Bit Axe |
| 15:23 | Research | Double-Bit Axe |
| 15:28 | Research | Arson |
| 15:37 | Build | Farm |
| 15:38 | Research | Horse Collar |
| 15:39 | Research | Horse Collar |
| 15:52 | Build | Farm |
| 15:52 | Build | Farm |
| 16:07 | Queue | Villager (Male) |
| 16:07 | Queue | Villager (Male) |
| 16:10 | Queue | Archer |
| 16:10 | Queue | Archer |
| 16:10 | Queue | Archer |
| 16:18 | Build | Palisade Wall |
| 16:26 | Build | Farm |
| 16:27 | Build | Farm |
| 16:34 | Queue | Villager (Male) |
| 16:39 | Build | Farm |
| 16:58 | Queue | Villager (Male) |
| 17:01 | Build | Farm |
| 17:34 | Queue | Villager (Male) |
| 17:35 | Queue | Villager (Male) |
| 17:35 | Queue | Archer |
| 17:36 | Queue | Archer |
| 17:54 | Research | Fletching |
| 17:55 | Research | Fletching |
| 18:02 | Build | Farm |
| 18:02 | Build | Farm |
| 18:03 | Build | Farm |
| 18:05 | Queue | Villager (Male) |
| 18:08 | Build | Farm |
| 18:11 | Build | Farm |
| 18:28 | Build | Archery Range |
| 18:35 | Build | Palisade Gate |
| 18:38 | Research | Padded Archer Armor |
| 18:38 | Research | Padded Archer Armor |
| 18:41 | Queue | Archer |
| 18:44 | Queue | Villager (Male) |
| 19:06 | Queue | Archer |
Match timeline
| 3:24 | andreamancassola12 · wall_segment Palisade Wall x1 |
| 3:25 | andreamancassola12 · wall_segment Palisade Wall x1 |
| 3:28 | andreamancassola12 · wall_segment Palisade Wall x1 |
| 3:29 | andreamancassola12 · wall_segment Palisade Wall x1 |
| 3:29 | andreamancassola12 · wall_segment Palisade Wall x1 |
| 3:33 | andreamancassola12 · wall_segment Palisade Wall x1 |
| 4:25 | andreamancassola12 · wall_segment Palisade Wall x1 |
| 4:26 | andreamancassola12 · wall_segment Palisade Wall x1 |
| 7:06 | andreamancassola12 · first_building Barracks |
| 9:20 | 墨離 · first_building Barracks |
| 9:31 | 墨離 · wall_segment Palisade Wall x1 |
| 9:33 | 墨離 · wall_segment Palisade Wall x1 |
| 9:34 | 墨離 · wall_segment Palisade Wall x1 |
| 9:49 | 墨離 · age_up feudal |
| 11:41 | 墨離 · first_building Archery Range |
| 13:04 | 墨離 · wall_segment Palisade Wall x1 |
| 13:05 | 墨離 · wall_segment Palisade Wall x1 |
| 13:26 | 墨離 · wall_segment Palisade Wall x1 |
| 13:27 | 墨離 · wall_segment Palisade Wall x1 |
| 13:36 | 墨離 · wall_segment Palisade Wall x1 |
| 13:37 | 墨離 · wall_segment Palisade Wall x1 |
| 13:38 | 墨離 · wall_segment Palisade Wall x1 |
| 13:38 | 墨離 · wall_segment Palisade Wall x1 |
| 13:48 | 墨離 · wall_segment Palisade Wall x1 |
| 13:49 | 墨離 · wall_segment Palisade Wall x1 |
| 13:50 | 墨離 · wall_segment Palisade Wall x1 |
| 13:50 | 墨離 · wall_segment Palisade Wall x1 |
| 13:52 | 墨離 · wall_segment Palisade Wall x1 |
| 13:53 | 墨離 · wall_segment Palisade Wall x1 |
| 13:54 | 墨離 · wall_segment Palisade Wall x1 |
| 13:55 | 墨離 · wall_segment Palisade Wall x1 |
| 14:28 | andreamancassola12 · wall_segment Palisade Wall x14 |
| 14:58 | 墨離 · wall_segment Palisade Wall x1 |
| 15:08 | andreamancassola12 · age_up feudal |
| 15:15 | andreamancassola12 · first_building Archery Range |
| 16:18 | andreamancassola12 · wall_segment Palisade Wall x8 |
| 16:51 | 墨離 · wall_segment Palisade Wall x1 |
| 16:53 | 墨離 · wall_segment Palisade Wall x5 |
| 22:36 | 墨離 · first_market_buy 100 food |
| 22:44 | andreamancassola12 · first_building Stable |
| 23:05 | 墨離 · first_building Stable |
| 23:27 | 墨離 · wall_segment Palisade Wall x1 |
| 23:29 | 墨離 · wall_segment Palisade Wall x11 |
| 23:35 | 墨離 · wall_segment Palisade Wall x1 |
| 23:37 | 墨離 · wall_segment Palisade Wall x10 |
| 24:01 | 墨離 · wall_segment Palisade Wall x1 |
| 24:31 | 墨離 · wall_segment Palisade Wall x1 |
| 25:06 | andreamancassola12 · age_up castle |
| 25:25 | andreamancassola12 · first_market_buy 100 food |
| 25:27 | 墨離 · age_up castle |
| 25:38 | 墨離 · first_market_sell 100 stone |
| 25:46 | andreamancassola12 · first_market_sell 100 wood |
| 26:29 | 墨離 · first_building Monastery |
| 26:53 | andreamancassola12 · first_building Monastery |
| 28:12 | andreamancassola12 · first_building Siege Workshop |
| 30:13 | 墨離 · wall_segment Stone Wall x1 |
| 30:26 | 墨離 · wall_segment Stone Wall x1 |
| 30:37 | 墨離 · wall_segment Stone Wall x1 |
| 31:14 | 墨離 · first_building Siege Workshop |
| 32:53 | andreamancassola12 · first_building Castle |
| 36:24 | andreamancassola12 · age_up imperial |
| 38:07 | 墨離 · first_building Castle |
| 40:50 | 墨離 · age_up imperial |
| 51:39 | andreamancassola12 · resign |
[ AI ANALYSIS · 1 CREDIT ]
What really happened in this match?
Wolo.gg analyzes every decision: build order, eco, micro, common mistakes by bracket. Personalized analysis on WhatsApp or Discord in 30 seconds.
Civ guide
Byzantines
Perfil
墨離